AoeStats
← andrewisking

Nomad

509378099Analyzed
2v2 RM · 7d ago on Sep 26, 2026· 68m 33s· 4 players
Game mode
Random Map
Map size
176×176
Population
200
Speed
Normal
Resources
Standard
Victory
Conquest
Starting age
Dark Age
Ending age
Imperial Age
RankedLock teamsTeams togetherTeam positionsShared explorationLock speedFull tech treeHidden civsTurbo modeCheats
Victory
Defeat
🇹🇼 Chinese · Taiwan
1144
+14
🇲🇾 Bulgarians · Malaysia
1144
+14
🇿🇦 Koreans · South Africa
1155
-16
🇿🇦 Vietnamese · South Africa
1049
-12
SaDz
3:20 Loom
14:25 Feudal Age
17:59 Castle Age
16:46 Double-Bit Axe
16:55 Fletching
19:10 Bow Saw
20:45 Horse Collar
24:13 Bodkin Arrow
25:37 Town Watch
27:28 Wheelbarrow
29:23 Hand Cart
29:51 Padded Archer Armor
33:43 Imperial Age
32:19 Leather Archer Armor
32:20 Gold Mining
33:28 Stone Mining
34:32 Bracer
36:01 Ring Archer Armor
36:22 Gold Shaft Mining
36:13 Elite Chu Ko Nu
37:51 Ballistics
38:32 Chemistry
40:40 Conscription
41:01 Bombard Tower
40:54 Masonry
44:17 Scale Barding Armor
44:22 Forging
43:59 Cavalier
44:50 Bloodlines
44:53 Husbandry
45:19 Chain Barding Armor
46:36 Plate Barding Armor
46:36 Iron Casting
47:29 Heavy Plow
52:39 Blast Furnace
SaDz
7:49 Loom
13:03 Feudal Age
14:49 Double-Bit Axe
19:47 Castle Age
24:23 Wheelbarrow
23:46 Fletching
24:23 Bodkin Arrow
36:47 Hand Cart
42:28 Imperial Age
41:07 Bow Saw
40:39 Horse Collar
42:14 Scale Barding Armor
42:19 Forging
45:00 Bloodlines
44:55 Husbandry
45:21 Chain Barding Armor
47:38 Iron Casting
47:43 Plate Barding Armor
48:06 Iron Casting
49:22 Elite Konnik
50:33 Gold Mining
52:18 Blast Furnace
52:54 Gold Shaft Mining
53:36 Scale Mail Armor
54:00 Stirrups
54:28 Conscription
55:59 Bagains
60:16 Light Cavalry
62:18 Chemistry
61:44 Ballistics
61:33 Hussar
sam4liverpool
11:18 Loom
13:50 Feudal Age
14:33 Double-Bit Axe
18:22 Fletching
22:36 Castle Age
23:19 Bodkin Arrow
25:36 Medium Warships
25:57 Bow Saw
26:25 Wheelbarrow
26:56 Fishing Lines
29:23 Gold Mining
29:23 Stone Mining
35:08 Imperial Age
32:59 Hand Cart
32:30 Town Watch
32:48 Elite Skirmisher
34:23 Town Patrol
34:38 Thumb Ring
36:03 Ballistics
37:52 Chemistry
36:49 Murder Holes
37:00 Siege Engineers
38:24 Imperial Skirmisher
40:08 Bracer
42:45 Elite Cannon Galleon
46:08 Gold Shaft Mining
46:08 Stone Shaft Mining
46:36 Two-Man Saw
46:21 Crossbowman
47:04 Elite Fire Lancer
48:00 Forging
47:50 Scale Mail Armor
48:37 Arbalester
50:11 Iron Casting
49:51 Chain Mail Armor
50:12 Conscription
49:54 Eupseong
51:11 Treadmill Crane
51:41 Masonry
60:38 Pikeman
61:19 Squires
61:17 Halberdier
andrewisking
6:47 Loom
15:03 Feudal Age
15:36 Double-Bit Axe
16:40 Wheelbarrow
18:21 Wheelbarrow
22:24 Castle Age
21:30 Gold Mining
21:24 Horse Collar
23:09 Fletching
23:19 Padded Archer Armor
24:19 Crossbowman
27:48 Elite Skirmisher
28:42 Forging
28:32 Scale Mail Armor
28:37 Scale Barding Armor
33:02 Leather Archer Armor
38:23 Imperial Age
38:01 Ballistics
39:26 Bodkin Arrow
40:02 Ring Archer Armor
40:35 Imperial Skirmisher
42:00 Bracer
42:30 Ring Archer Armor
44:31 Paper Money
48:07 Chemistry
48:44 Chatras
49:35 Pikeman
53:42 Hand Cart
53:33 Heavy Plow
55:10 Bow Saw
56:16 Elite Rattan Archer
64:34 Thumb Ring
Connection lost

Rejoining the realm…

Still unreachable

The connection could not be restored.

Session expired

The server has moved on; the page needs a fresh start.